AoeStats
← Frogger ✟

Pilgrims

510225107Analyzed
2v2 RM · 3d ago on Sep 30, 2026· 27m 27s· 4 players
Game mode
Random Map
Map size
Medium (4 player)
Population
200
Speed
Normal
Resources
Standard
Victory
Conquest
Starting age
Dark Age
Ending age
Imperial Age
RankedLock teamsTeams togetherTeam positionsShared explorationLock speedFull tech treeHidden civsTurbo modeCheats
Victory
Defeat
🇦🇷 Persians · Argentina
1182
+15
🇨🇳 Sicilians · China
1099
+19
🇺🇸 Sicilians · United States
1159
-17
🇺🇸 Inca · United States
1158
-17
Kermit The Frog
8:14 Loom
11:09 Feudal Age
19:17 Town Watch
23:46 Castle Age
23:51 Scale Mail Armor
Frogger ✟
11:11 Feudal Age
12:13 Loom
17:55 Castle Age
16:00 Double-Bit Axe
15:56 Horse Collar
16:44 Champi Runner
17:11 Arson
18:57 Squires
19:29 Scale Mail Armor
19:26 Champi Warrior
22:54 Pikeman
Tkbez
7:24 Loom
10:03 Feudal Age
10:59 Double-Bit Axe
14:12 Wheelbarrow
18:33 Castle Age
17:09 Gold Mining
17:36 Scale Barding Armor
19:06 Forging
19:43 Hand Cart
19:39 Bloodlines
20:07 Husbandry
20:31 Chain Barding Armor
21:12 Bow Saw
21:48 Gold Shaft Mining
23:30 Horse Collar
27:00 Town Watch
27:56 Iron Casting
乌萨奇
4:40 Loom
12:40 Feudal Age
16:12 Horse Collar
16:18 Double-Bit Axe
22:44 Fletching
Connection lost

Rejoining the realm…

Still unreachable

The connection could not be restored.

Session expired

The server has moved on; the page needs a fresh start.